Map: Catalyst LE

Players

Geralt (Gerald) - Winner!

  • Race: Protoss Protoss
  • League: Grandmaster
  • Spawn Location: 5:00

Patience

  • Race: Protoss Protoss
  • Spawn Location: 11:00

Event: HomeStory Cup XVII

VOD

Have the link to the VOD?

Description

Time

  • Played on: June 29, 2018, 1:12 p.m.
  • Length: 11:57

All games in this series

Show
View Real Time Build Order
Export as new Build Order

Geralt Protoss - Winner!

Build Orders: Oracle Opening 

Get SALT Encoding   

  12  0:00  Probe  
  13  0:13  Probe  
  14  0:18  Pylon  
  14  0:23  Probe  
  15  0:32  Probe  
  15  0:39  Gateway  
  15  0:40  Probe  
  16  0:46  Assimilator  
  17  0:51  Probe  
  17  0:55  Assimilator  
  18  0:59  Probe  
  19  1:07  Probe  
  19  1:16  Gateway  
  20  1:18  Probe  
  21  1:26  Cybernetics Core  
  21  1:30  Probe  
  22  1:34  Pylon  
  22  1:42  Probe  
  22  1:46  Pylon  
  23  1:48  Pylon  
  23  1:54  Probe  
  24  2:03  Adept x2  
  24  2:05  Warp Gate  
  28  2:09  Probe  
  29  2:16  Pylon  
  30  2:27  Stargate  
  29  2:30  Probe  
  30  2:41  Adept  
  31  2:45  Adept  
  33  2:53  Probe  
  34  3:00  Oracle  
  34  3:05  Probe, Pylon  
  36  3:17  Probe  
  37  3:25  Pylon  
  35  3:28  Oracle  
  35  3:37  Shield Battery  
  38  3:47  Nexus  
  38  3:49  Probe  
  39  4:04  Twilight Council  
  39  4:19  Probe  
  32  4:26  Stalker x2  
  34  4:33  Shield Battery  
  34  4:35  Gateway, Probe  
  35  4:44  Dark Shrine  
  34  4:51  Stalker  
  36  4:54  Blink  
  36  4:57  Stalker  
  38  5:01  Probe  
  38  5:04  Probe  
  40  5:13  Probe  
  38  5:18  Stalker  
  38  5:19  Probe  
  41  5:24  Probe  
  41  5:28  Probe  
  41  5:32  Probe  
  42  5:36  Probe, Stalker  
  42  5:40  Probe  
  46  5:46  Probe  
  46  5:47  Gateway  
  47  5:52  Probe  
  46  5:59  Probe  
  46  6:02  Robotics Facility  
  47  6:05  Probe  
  47  6:11  Probe  
  49  6:13  Adept x2  
  49  6:16  Assimilator  
  52  6:22  Probe  
  52  6:23  Probe, Pylon  
  54  6:29  Gateway  
  54  6:33  Forge  
  54  6:41  Probe x2  
  56  6:49  Stalker x2  
  56  6:54  Probe x2  
  62  6:58  Protoss Ground Weapons Level 1  
  62  6:59  Stalker  
  62  7:00  Stalker  
  62  7:05  Pylon  
  62  7:20  Observer  
  62  7:23  Probe x2  
  65  7:35  Nexus, Probe x2  
  67  7:38  Robotics Bay  
  67  7:47  Gateway, Probe  
  67  7:48  Gateway  
  67  7:53  Probe  
  67  7:54  Stalker  
  67  8:00  Probe  
  68  8:07  Pylon  
  68  8:08  Pylon  
  70  8:15  Disruptor  
  70  8:16  Gateway  
  68  8:22  Gateway  
  68  8:25  Probe  
  72  8:28  Robotics Facility  
  72  8:30  Stalker x2  
  76  8:37  Probe x2  
  78  8:46  Gateway  
  78  8:49  Probe  
  78  8:51  Pylon  
  78  8:53  Disruptor  
  82  9:01  Stalker  
  82  9:02  Stalker  
  86  9:05  Probe  
  86  9:09  Probe  
  88  9:10  Probe  
  88  9:12  Assimilator  
  88  9:17  Disruptor  
  88  9:18  Assimilator  
  88  9:22  Assimilator  
  88  9:23  Probe x2  
  90  9:26  Shield Battery  
  90  9:27  Probe  
  90  9:31  Pylon  
  94  9:36  Pylon  
  94  9:44  Pylon  
  94  9:48  Disruptor  
  94  9:51  Probe  
  94  9:52  Photon Cannon  
  98  9:55  Photon Cannon, Probe  
  98  9:57  Photon Cannon, Probe  
  100  10:03  Probe, Stalker  
  100  10:04  Stalker x2  
  107  10:19  Disruptor  
  110  10:24  Disruptor  
  110  10:27  Probe  
  114  10:30  Pylon  
  114  10:32  Pylon  
  114  10:36  Probe  
  115  10:45  Disruptor  
  115  10:48  Nexus  
  109  10:50  Pylon  
  109  10:52  Pylon  
  109  10:55  Assimilator  
  112  10:58  Probe  
  112  10:59  Assimilator  
  112  11:00  Disruptor  
  116  11:06  Stalker x2  
  120  11:20  Disruptor  
  120  11:30  Adept x6  
  120  11:31  Adept x2  
  111  11:46  Stalker x2  
  101  11:50  Stalker  
  101  11:51  Stalker x5  
Show
View Real Time Build Order
Export as new Build Order

Patience Protoss 

Build Orders: Phoenix Opening 

Get SALT Encoding   

  12  0:00  Probe  
  13  0:12  Probe  
  14  0:17  Pylon  
  14  0:23  Probe  
  15  0:31  Probe  
  16  0:37  Gateway  
  16  0:39  Probe  
  16  0:46  Assimilator  
  17  0:50  Probe  
  17  0:55  Assimilator  
  18  0:58  Probe  
  19  1:07  Probe  
  19  1:08  Gateway  
  20  1:18  Probe  
  20  1:25  Cybernetics Core  
  21  1:30  Probe  
  22  1:36  Pylon  
  22  1:42  Probe  
  23  1:55  Probe  
  24  2:02  Warp Gate, Adept, Sentry  
  28  2:13  Pylon  
  28  2:31  Stalker  
  28  2:32  Stalker  
  32  2:45  Stargate  
  32  2:59  Nexus  
  32  3:05  Shield Battery  
  32  3:10  Probe  
  32  3:20  Phoenix  
  33  3:34  Gateway  
  33  3:40  Phoenix  
  35  3:53  Shield Battery  
  35  3:56  Pylon  
  35  3:57  Phoenix  
  35  4:07  Stalker  
  39  4:14  Phoenix  
  37  4:17  Stalker  
  37  4:22  Probe  
  33  4:30  Probe  
  34  4:37  Probe  
  32  4:43  Probe  
  32  4:45  Probe  
  35  4:55  Probe  
  35  4:58  Probe  
  37  5:07  Probe  
  37  5:10  Probe  
  37  5:11  Oracle  
  39  5:19  Probe  
  43  5:27  Probe  
  44  5:31  Probe  
  45  5:39  Probe  
  45  5:41  Probe  
  46  5:47  Probe  
  47  5:53  Probe  
  49  5:57  Probe  
  49  6:00  Robotics Facility  
  50  6:05  Probe  
  50  6:06  Sentry x2  
  50  6:09  Probe  
  56  6:14  Probe  
  56  6:18  Probe  
  57  6:21  Pylon  
  57  6:22  Probe  
  58  6:26  Probe  
  58  6:32  Forge, Probe  
  60  6:36  Probe  
  60  6:39  Pylon  
  62  6:44  Probe  
  63  6:48  Probe  
  63  6:53  Immortal  
  64  6:56  Probe  
  64  6:58  Assimilator  
  64  7:00  Assimilator, Probe  
  70  7:06  Shield Battery  
  70  7:15  Probe  
  71  7:20  Immortal, Probe  
  71  7:21  Protoss Ground Weapons Level 1  
  70  7:23  Twilight Council  
  70  7:27  Probe  
  71  7:31  Pylon  
  71  7:32  Probe  
  76  7:51  Gateway  
  76  7:53  Gateway  
  76  7:54  Gateway  
  76  7:55  Pylon  
  76  7:56  Immortal  
  80  8:07  Zealot x2  
  80  8:09  Charge  
  84  8:16  Templar Archives  
  84  8:20  Zealot  
  86  8:27  Pylon  
  86  8:29  Pylon  
  86  8:33  Observer  
  87  8:41  Nexus  
  87  8:43  Pylon  
  87  8:45  Warp Prism  
  87  8:52  Protoss Ground Weapons Level 2  
  89  9:04  High Templar x2  
  89  9:05  High Templar x2  
  89  9:08  Archon  
  89  9:09  Archon, Zealot  
  96  9:10  Zealot  
  96  9:13  Pylon  
  96  9:14  Pylon  
  98  9:36  Probe x2  
  98  9:37  Zealot x5  
  110  9:42  Zealot  
  112  9:51  Observer  
  113  9:56  Gateway  
  113  9:58  Probe x2  
  115  10:14  Probe x3  
  115  10:16  High Templar x2  
  115  10:17  Gateway, High Templar x2  
  115  10:21  Zealot x2  
  130  10:22  Archon x2, Pylon  
  129  10:45  Warp Prism  
  125  10:51  Zealot x2  
  125  10:52  Zealot x4  
  135  11:17  Zealot x2  
  135  11:18  Zealot x6  
  89  11:45  Zealot x8  
  73  11:49  Zealot x3  
  73  11:50  Zealot x5  
Tags
 
Add a new tag
Caveats
  • Supply blocks, unpowered buildings, or Contaminate may cause inaccurate times.
  • Supply counts are checked every 10 seconds.